 Dungeon Crawl Stone Soup version 0.27.1-34-g3ba077fa99 (webtiles) character file.

Game seed: 11025744215800902585

40 mightbedylan the Vexing (level 3, -1/14 HPs)
             Began as a Felid Enchanter on Jan 25, 2022.
             Frozen to death by an endoplasm (4 damage)
             ... on level 2 of the Dungeon.
             The game lasted 00:06:34 (1151 turns).

mightbedylan the Vexing (Felid Enchanter)           Turns: 1151, Time: 00:06:35

Health: -1/14      AC:  5    Str:  4    XL:     3   Next: 30%
Magic:  3/7        EV: 18    Int: 17    God:
Gold:   68         SH:  0    Dex: 16    Spells: 0/6 levels left
                                        Lives:  0   Deaths: 0

rFire    . . .     SeeInvis +     - Unarmed
rCold    . . .     Faith    .   (shield unavailable)
rNeg     . . .     Spirit   .   (armour unavailable)
rPois    .         Reflect  .   (helmet unavailable)
rElec    .         Harm     .   (cloak unavailable)
rCorr    .         Rampage  .   (gloves unavailable)
Will     .....                  (boots unavailable)
Stlth    +++.......             (no amulet)
HPRegen  0.04/turn              a - +4 ring of protection
MPRegen  0.10/turn              (no ring)

@: quick
A: very small, claws 1, fangs 3, see invisible, speed 1, shaggy fur 1, stealthy
paws, no weapons or thrown items, no armour, multi-lived
a: no special abilities


You were on level 2 of the Dungeon.
You visited 1 branch of the dungeon, and saw 2 of its levels.

You collected 68 gold pieces.

Inventory:

Missiles
 b - 11 poisoned darts
Jewellery
 a - a +4 ring of protection (left paw)
Scrolls
 d - a scroll of teleportation {unknown}
 e - a scroll of vulnerability {unknown}
 f - a scroll of immolation {unknown}
Potions
 c - a potion of brilliance {unknown}


   Skills:
 + Level 3.4 Dodging
 + Level 4.5 Stealth
 + Level 1.2 Unarmed Combat
 + Level 2.2 Spellcasting
 + Level 5.1 Hexes
 + Level 0.1 Ice Magic


You couldn't memorise any spells.
You knew the following spells:

 Your Spells              Type           Power      Damage    Failure   Level
a - Corona                Hex            21%        N/A       2%          1
b - Ensorcelled Hibernat  Hex/Ice        20%        N/A       10%         2
c - Tukima's Dance        Hex            19%        N/A       7%          3

Your spell library contained the following spells:

 Spells                   Type           Power      Damage    Failure   Level
 Confusing Touch          Hex            19%        N/A       7%          3
 Dazzling Flash           Conj/Hex       20%        N/A       21%         3


Dungeon Overview and Level Annotations

Branches:
Dungeon (2/15)

Altars:


Innate Abilities, Weirdness & Mutations

You have sharp claws.
You have razor-sharp teeth.
You have supernaturally acute eyesight. (SInv)
You cover ground quickly. (Speed+)
You are covered in fur. (AC +1)
Your paws help you pounce on unaware monsters.
You are incapable of wielding weapons or throwing items.
You cannot wear armour.
You gain extra lives every three experience levels.


Message History

An endoplasm comes into view.
You see here a silvery potion.
Found 7 gold pieces.
A rat comes into view.
The rat bites you but does no damage. The endoplasm freezes you.
You are frozen.
Found a hunting sling.
Casting: Tukima's Dance (potentially lethal; 7% risk of failure)
Confirm with . or Enter, or press ? or * to list all spells.
The spell is potentially lethal to cast (7% risk of failure)!
Continue anyway?
Okay, then.
Casting: Tukima's Dance (potentially lethal; 7% risk of failure)
Confirm with . or Enter, or press ? or * to list all spells.
The spell is potentially lethal to cast (7% risk of failure)!
Continue anyway?
Aiming: Tukima's Dance (potentially lethal; 7% risk of failure)
Press: ? - help, Shift-Dir - straight line, f/p - gnoll
Aim: a gnoll, wielding a +0 whip (chance to affect: 66%)
The gnoll struggles to resist.
A ball python comes into view.
A hobgoblin and a dart slug come into view.
The hobgoblin shouts!
The dart slug launches a dart at you. The slug dart hits you.
You scratch the endoplasm.
The endoplasm is lightly wounded.
The endoplasm hits you.
You scratch the endoplasm.
The endoplasm is moderately wounded.
The endoplasm freezes you.
You are frozen.
* * * LOW HITPOINT WARNING * * *
You completely miss the endoplasm.
The endoplasm is moderately wounded.
The endoplasm misses you.
You scratch the endoplasm.
The endoplasm is severely wounded.
The endoplasm freezes you.
You are frozen.
You die...

... ....... ...
........# ....
.......w# .....
........# #.....
........# ###....
#..#......# #...#
#..###..#.####@#
#.........gwgJ.#
#..###.....#####
###..# ###...g.....
#)...#####......S.#
#.....g.g..........
#...r......####....
#...g####### ###.
#....#


You could see a gnoll, a dart slug, an endoplasm and a hobgoblin.

Vanquished Creatures
  A gnoll (D:1)
  2 dart slugs (D:1)
  2 endoplasms (D:1)
  3 giant cockroaches (D:1)
  2 goblins (D:1)
  4 hobgoblins (D:1)
  A ball python (D:1)
  6 bats (D:1)
  A kobold (D:1)
  2 rats (D:1)
24 creatures vanquished.

Vanquished Creatures (collateral kills)
  A goblin (D:1)
  A rat (D:1)
2 creatures vanquished.

Grand Total: 26 creatures vanquished

Notes
Turn   | Place    | Note
-------+----------+-------------------------------------------
     0 | D:1      | mightbedylan the Felid Enchanter began the quest for the
                  | Orb.
     0 | D:1      | Reached XP level 1. HP: 7/7 MP: 4/4
   105 | D:1      | Found a faded altar of an unknown god.
   108 | D:1      | Noticed a shining eye
   112 | D:1      | Noticed a floating eye
   131 | D:1      | Noticed a great orb of eyes
   131 | D:1      | Noticed an eye of devastation
   310 | D:1      | Reached XP level 2. HP: 11/11 MP: 6/6
   572 | D:1      | Learned a level 2 spell: Ensorcelled Hibernation
   585 | D:1      | Reached skill level 5 in Hexes
   585 | D:1      | Reached XP level 3. HP: 5/14 MP: 2/7
   631 | D:1      | Learned a level 3 spell: Tukima's Dance
  1151 | D:2      | Frozen to death by an endoplasm

Illustrated notes

Levels and vault maps discovered:
D:1:      dpeg_arrival_orchard, layout_basic,
          hellmonk_ecumenical_altar_watching_god, minmay_3d_cube
D:2:      layout_rooms, basic_altar

Skill      XL: |  1  2 |
---------------+-------+-----
Dodging        | 3 |  3.4
Hexes          | 5 |  5.1
Stealth        | |  4.5
Unarmed Combat | |  1.2
Spellcasting   | |  2.2
Ice Magic      | |  0.1

Action                   || total
-------------------------++-------
Melee: Unarmed           ||    85
       Bite              ||     8
 Cast: Ensorcelled Hiber ||     2
       Tukima's Dance    ||     3
 Stab: Sleeping          ||     5
Armor: Skin              ||    19
Dodge: Dodged            ||    53
